 Dungeon Crawl Stone Soup version 0.21.1-1-g345015f (webtiles) character file.

641 Kairos the Shield-Bearer (level 7, -12/55 HPs)
             Began as a Formicid Fighter on Apr 7, 2018.
             Mangled by Menkaure (18 damage)
             ... on level 4 of the Dungeon.
             The game lasted 00:05:23 (4470 turns).

Kairos the Shield-Bearer (Formicid Fighter)         Turns: 4470, Time: 00:05:24

Health: -12/55     AC:  7    Str: 20    XL:     7   Next: 81%
Magic:  7/7        EV: 10    Int:  8    God:
Gold:   240        SH: 10    Dex: 12    Spells: 6/6 levels left

rFire    . . .     SeeInvis +   a - +0 war axe
rCold    . . .     Gourm    .   c - +0 shield
rNeg     . . .     Faith    .   b - +0 scale mail
rPois    .         Spirit   .   (helmet unavailable)
rElec    .         Reflect  .   (no cloak)
rCorr    .         Harm     .   (no gloves)
MR       .....                  (no boots)
Stlth    +.........             (no amulet)
HPRegen  0.18/turn              k - +1 ring of evasion
MPRegen  0.10/turn              q - ring of stealth

@: no status effects
A: permanent stasis, dig shafts and tunnels, four strong arms, antennae 3
a: Dig, Shaft Self


You were on level 4 of the Dungeon.
You were not hungry.

You visited 1 branch of the dungeon, and saw 4 of its levels.

You collected 240 gold pieces.

Inventory:

Hand Weapons
 a - a +0 war axe (weapon)
Armour
 b - a +0 scale mail (worn)
 c - a +0 shield (worn)
Jewellery
 k - a +1 ring of evasion (left hand)
 q - a ring of stealth (right hand)
Scrolls
 g - 4 scrolls of remove curse {unknown}
 h - 5 scrolls of identify {unknown}
 n - a scroll of immolation {unknown}
Potions
 d - a potion of might
 e - a potion of brilliance {unknown}
 l - a potion of curing {unknown}
 m - a potion of haste {unknown}
 o - a potion of invisibility {unknown}
 p - a potion of mutation {unknown}
Comestibles
 f - 4 rations
 i - a chunk of flesh


   Skills:
 + Level 4.8 Fighting
 + Level 5.1 Axes
 + Level 5.0 Armour
 + Level 2.0 Dodging
 + Level 0.6 Stealth
 + Level 5.1 Shields


You had 6 spell levels left.
You didn't know any spells.

Dungeon Overview and Level Annotations

Branches:
Dungeon (4/15)
 Temple: D:4-7

Altars:
The Shining One

Annotations:
D:4 Menkaure, Pikel


Innate Abilities, Weirdness & Mutations

You cannot be hasted, slowed, berserked, paralysed or teleported.
You can dig through walls and to a lower floor.
Your four strong arms can wield two-handed weapons with a shield.
You have a pair of large antennae on your head. (SInv)


Message History

Menkaure seems to speed up.
You closely miss the quokka. You block the quokka's attack. x2
A howler monkey skeleton comes into view.
You hit the quokka but do no damage.
Menkaure murmurs, "Let me perform the rites..."
You block the quokka's attack.
You slash the quokka!
You kill the quokka!
Menkaure hums in an indecipherable tongue.
Menkaure calls on the powers of darkness!
Your body is wracked with pain!
Menkaure points at you and mumbles some strange words.
Pain shoots through your body!
Your shield and scale mail prevent you from hitting Menkaure.
Menkaure hits you!
* * * LOW HITPOINT WARNING * * *
You slash Menkaure!
Menkaure is moderately damaged.
You hit the howler monkey skeleton. Menkaure hits you!!
You die...

.........## ##
.........###### .##.#
............... ....
.........#.....# ...###
...........#.... .#...##
.[.........# #..#.......
........##.####.).......
.........#....##........
....<...........@Z......
..............##M.......
..........######........
..........†.............
..........######.......#
..........# #.....#..
..........# #..(..###
..........# #...?.#
#.........#


You could see Menkaure and a howler monkey skeleton.

Vanquished Creatures
  Sigmund (D:2)
  4 slaves
  An ogre (D:4)
  A scorpion (D:3)
  An orc priest (D:3)
  A hound (D:4)
  A centaur skeleton (D:4)
  Terence (D:2)
  2 worker ants
  10 adders
  2 oozes
  A worm (D:4)
  A dart slug (D:3)
  4 leopard geckos
  6 orcs
  8 bats
  4 giant cockroaches
  5 goblins
  5 hobgoblins
  6 jackals
  3 quokkas
  3 frilled lizards
  13 kobolds
  8 rats
92 creatures vanquished.

Notes
Turn   | Place    | Note
-------+----------+-------------------------------------------
     0 | D:1      | Kairos the Formicid Fighter began the quest for the Orb.
     0 | D:1      | Reached XP level 1. HP: 18/18 MP: 1/1
    88 | D:1      | Reached XP level 2. HP: 15/24 MP: 2/2
   385 | D:1      | Reached XP level 3. HP: 28/30 MP: 3/3
   825 | D:2      | Noticed Sigmund
  1087 | D:2      | Killed Sigmund
  1087 | D:2      | Reached XP level 4. HP: 31/37 MP: 4/4
  1087 | D:2      | Reached XP level 5. HP: 35/42 MP: 5/5
  1087 | D:2      | Reached XP level 6. HP: 40/48 MP: 6/6
  1123 | D:2      | Noticed Terence
  1129 | D:2      | Killed Terence
  1129 | D:2      | Reached skill level 1 in Dodging
  2212 | D:3      | Found a glowing golden altar of the Shining One.
  2500 | D:3      | Reached XP level 7. HP: 55/55 MP: 7/7
  3298 | D:4      | Noticed Pikel
  3313 | D:3      | Reached skill level 5 in Shields
  3725 | D:4      | Reached skill level 5 in Axes
  4147 | D:4      | Reached skill level 5 in Armour
  4463 | D:4      | Noticed Menkaure
  4470 | D:4      | Mangled by Menkaure

Skill      XL: |  1  2  3  4  5  6  7 |
---------------+----------------------+-----
Shields        | 4 5 |  5.1
Fighting       | 4 |  4.8
Axes           | 3 4 5 |  5.1
Armour         | 4 5 |  5.0
Dodging        | 1 2 |  2.0
Stealth        | |  0.6

Action                   |  1- 3 |  4- 6 |  7- 9 || total
-------------------------+-------+-------+-------++-------
Melee: War axe           |   112 |   126 |   112 ||   350
  Use: Potion            |       |       |     2 ||     2
  Eat: Chunk             |       |     2 |     3 ||     5
       Ration            |       |     1 |     1 ||     2
Armor: Scale mail        |    53 |    54 |    26 ||   133
Dodge: Dodged            |    39 |    69 |    62 ||   170
Block: Shield            |    54 |    81 |    62 ||   197
